 Dungeon Crawl Stone Soup version 0.22-a0-322-g60b3cfd (webtiles) character file.

32 Amnesiac the Gusty (level 3, -1/19 HPs)
             Began as a Tengu Air Elementalist on Apr 2, 2018.
             Hit by a stone thrown by a hobgoblin (4 damage)
             ... on level 1 of the Dungeon.
             The game lasted 00:02:08 (796 turns).

Amnesiac the Gusty (Tengu Air Elementalist)          Turns: 796, Time: 00:02:09

Health: -1/19      AC:  3    Str:  8    XL:     3   Next: 25%
Magic:  1/7        EV: 12    Int: 16    God:
Gold:   17         SH:  0    Dex: 14    Spells: 4/7 levels left

rFire    . . .     SeeInvis .   (no weapon)
rCold    . . .     Gourm    .   (no shield)
rNeg     . . .     Faith    .   j - +0 leather armour {rPois}
rPois    +         Spirit   .   (helmet restricted)
rElec    .         Reflect  .   (no cloak)
rCorr    .         Harm     .   (no gloves)
MR       .....                  (boots unavailable)
Stlth    ++........             (no amulet)
HPRegen  0.06/turn              (no ring)
MPRegen  0.10/turn              (no ring)

@: no status effects
A: beak, talons 3
a: no special abilities


You were on level 1 of the Dungeon.
You were not hungry.

You visited 1 branch of the dungeon, and saw 1 of its levels.

You collected 17 gold pieces.

Inventory:

Armour
 a - a +0 robe
 j - a +0 leather armour of poison resistance (worn)
Scrolls
 f - 2 scrolls of remove curse {!r, unknown}
 g - a scroll of identify {!r, unknown}
 i - a scroll of fear {!r, unknown}
Potions
 b - a potion of curing {!q, unknown}
 d - a potion of cancellation {!q, unknown}
 e - 2 potions of flight {!q, unknown}
 k - a potion of berserk rage {!q, unknown}
Comestibles
 c - a ration
 h - a chunk of flesh


   Skills:
 - Level 2.1 Dodging
 - Level 2.0 Stealth
 + Level 2.5 Spellcasting
 - Level 1.3 Conjurations
 * Level 5.2 Air Magic


You had 4 spell levels left.
You knew the following spells:

 Your Spells              Type           Power        Failure   Level  Hunger
a - Shock                 Conj/Air       ##..         8%          1    #......
z - Swiftness             Chrm/Air       ##......     16%         2    ##.....


Dungeon Overview and Level Annotations

Branches:
Dungeon (1/15)

Altars:


Innate Abilities, Weirdness & Mutations

You have a beak for a mouth.
You have claws for feet.


Message History

You hit the hobgoblin but do no damage.
You peck the hobgoblin, but do no damage.
The hobgoblin hits you but does no damage.
Casting: Shock (safe; 8% risk of failure)
Confirm with . or Enter, or press ? or * to list all spells.
You don't have enough magic to cast that spell.
You hit the hobgoblin but do no damage. The hobgoblin barely misses you.
Casting: Shock (safe; 8% risk of failure)
Confirm with . or Enter, or press ? or * to list all spells.
Aiming: Shock (safe; 8% risk of failure)
Press: ? - help, Shift-Dir - straight line The zap misses the hobgoblin. x2; The hobgoblin closely misses you.
You barely miss the hobgoblin.
You claw the hobgoblin, but do no damage.
You peck the hobgoblin.
The hobgoblin is moderately wounded.
The hobgoblin hits you.
Casting: Shock (safe; 8% risk of failure)
Confirm with . or Enter, or press ? or * to list all spells.
You don't have enough magic to cast that spell.
You hit the hobgoblin but do no damage.
The hobgoblin is moderately wounded.
The hobgoblin hits you.
Casting: Shock (safe; 8% risk of failure)
Confirm with . or Enter, or press ? or * to list all spells.
You don't have enough magic to cast that spell.
You barely miss the hobgoblin.
The hobgoblin is moderately wounded.
The hobgoblin hits you.
Casting: Shock (safe; 8% risk of failure)
Confirm with . or Enter, or press ? or * to list all spells.
You don't have enough magic to cast that spell.
You hit the hobgoblin but do no damage.
You peck the hobgoblin, but do no damage.
The hobgoblin misses you.
You hit the hobgoblin but do no damage.
The hobgoblin hits you but does no damage.
The hobgoblin barely misses you.
You hit the hobgoblin but do no damage. You claw the hobgoblin.
You peck the hobgoblin, but do no damage.
The hobgoblin is moderately wounded.
The hobgoblin hits you.
* * * LOW HITPOINT WARNING * * *
Casting: Shock (safe; 8% risk of failure)
Confirm with . or Enter, or press ? or * to list all spells.
You don't have enough magic to cast that spell.
Casting: Shock (safe; 8% risk of failure)
Confirm with . or Enter, or press ? or * to list all spells.
You don't have enough magic to cast that spell.
You hit the hobgoblin but do no damage.
The hobgoblin is moderately wounded.
The hobgoblin hits you.
* * * LOW HITPOINT WARNING * * *
Casting: Shock (safe; 8% risk of failure)
Confirm with . or Enter, or press ? or * to list all spells.
You don't have enough magic to cast that spell.
You hit the hobgoblin but do no damage.
The hobgoblin is moderately wounded.
The hobgoblin hits you.
* * * LOW HITPOINT WARNING * * *
Some of the chunks of flesh in your inventory have rotted away.
The hobgoblin throws a stone.
The stone closely misses you.
The hobgoblin throws a stone.
The stone hits you.
You die...

........# #.######. ...†....#
#.#...##. ........## #.#.#.##.
...(.(...### #(.......
....''##...## #.÷##.##.
....#.###...##### ####..##.##.
....#.###.#.#.#.######....([#.##.
....#.##.#.#.#.#(....')..(..#.##.
....#.###.#.#.#.@#####......#+##.
....#.##.#.#.#"#.# #...........
#####.###.#<#.#..# ######......
#####.##.#.#.#.#.# #......
.......##.#.#.#[.# ##..##.
.......#.#.#.#.#g# #.....
.......#########(###########.....
#####'####### #(##........##....
#.##....# #.##........##....


You could see a hobgoblin.

Vanquished Creatures
  2 oozes (D:1)
  2 giant cockroaches (D:1)
  4 goblins (D:1)
  3 hobgoblins (D:1)
  3 jackals (D:1)
  3 kobolds (D:1)
  A frilled lizard (D:1)
  2 rats (D:1)
20 creatures vanquished.

Notes
Turn   | Place    | Note
-------+----------+-------------------------------------------
     0 | D:1      | Amnesiac the Tengu Air Elementalist began the quest for the Orb.
     0 | D:1      | Reached XP level 1. HP: 10/10 MP: 4/4
   139 | D:1      | Reached XP level 2. HP: 15/15 MP: 0/6
   191 | D:1      | Learned a level 2 spell: Swiftness
   369 | D:1      | Reached skill level 5 in Air Magic
   542 | D:1      | Reached XP level 3. HP: 18/19 MP: 2/7
   796 | D:1      | Hit by a stone thrown by a hobgoblin

Vault maps used:
D:1:      lightli_arrival_chessboard

Skill      XL: |  1  2 |
---------------+-------+-----
Air Magic      | 5 |  5.2
Dodging        | |  2.1
Stealth        | |  2.0
Spellcasting   | |  2.5
Conjurations   | |  1.3

Action                   || total
-------------------------++-------
Melee: Unarmed           ||    32
       Peck              ||     6
       Kick              ||     4
 Cast: Shock             ||    52
Armor: Robe              ||     7
       Leather armour    ||     5
Dodge: Dodged            ||    38

Table legend:
 A = Spawn XP
 B = Non-spawn XP
 C = Spawn XP percentage of total XP
 D = Spawn monster count
 E = Non-spawn monster count
 F = Spawn count percentage of total count
 G = Total turns spent on level
                    A         B        C        D         E        F      G
               +---------+---------+-------+---------+---------+-------+---------
         Total |       0 |      46 |   0.0 |       0 |      20 |   0.0 |   796
               +---------+---------+-------+---------+---------+-------+---------
           D:1 |       0 |      46 |   0.0 |       0 |      20 |   0.0 |   796
               +---------+---------+-------+---------+---------+-------+---------
